 Dungeon Crawl Stone Soup version 0.25.1-2-g60ff931df9 (webtiles) character file.

Game seed: 17611609007128430205

7639 gruber the Blocker (level 10, 0/81 HPs)
             Began as a Deep Dwarf Fighter on Aug 20, 2020.
             Was a Priest of Makhleb.
             Slain by a hornet (3 damage)
             ... while paralysed by a hornet
             ... on level 10 of the Dungeon.
             The game lasted 00:14:24 (9108 turns).

gruber the Blocker (Deep Dwarf Fighter)             Turns: 9108, Time: 00:14:25

Health: 0/81       AC: 10    Str: 22    XL:     10   Next: 98%
Magic:  21/21 (12) EV:  2    Int: 10    God:    Makhleb [***...]
Gold:   197        SH:  0    Dex: 12    Spells: 7/9 levels left

rFire    . . .     SeeInvis .   a - +0 war axe
rCold    . . .     Gourm    .   x - +7 tower shield "Kaixoj" {rElec MP+9 Stlth+}
rNeg     + . .     Faith    .   m - +2 ring mail {rPois}
rPois    +         Spirit   .   (no helmet)
rElec    +         Reflect  +   i - scarf {repulsion}
rCorr    .         Harm     .   G - +0 pair of gloves
MR       +....                  (no boots)
Stlth    ++........             L - amulet of reflection
HPRegen  0.00/turn              A - ring of positive energy
MPRegen  0.17/turn              (no ring)

@: paralysed, non-regenerating, repel missiles
A: damage resistance, heal wounds, sense surroundings 2, no regeneration
a: Heal Wounds, Minor Destruction, Lesser Servant of Makhleb, Renounce Religion


You were on level 10 of the Dungeon.
You worshipped Makhleb.
Makhleb was most pleased with you.
You were hungry.

You visited 2 branches of the dungeon, and saw 11 of its levels.
You also visited: Sewer.

You collected 687 gold pieces.
You spent 490 gold pieces at shops.

Inventory:

Hand Weapons
 a - a +0 war axe (weapon)
Missiles
 C - 5 throwing nets (quivered)
Armour
 h - the +1 chain mail of the Constellations {+Fly Int+2 Dex-5}
   (You bought it in a shop on level 10 of the Dungeon)

   It affects your intelligence (+2).
   It affects your dexterity (-5).
   It lets you fly.
 i - a scarf of repulsion (worn)
 m - a +2 ring mail of poison resistance (worn)
 x - the +7 tower shield "Kaixoj" (worn) {rElec MP+9 Stlth+}
   (You found it in a sewer)

   It insulates you from electricity.
   It affects your magic capacity (+9).
   It makes you more stealthy.
 G - a +0 pair of gloves (worn)
Jewellery
 A - a ring of positive energy (left hand)
 L - an amulet of reflection (around neck)
Wands
 d - a wand of iceblast (5)
 y - a wand of disintegration (14)
 I - a wand of flame (14)
Scrolls
 b - a scroll of vulnerability {unknown}
 c - 2 scrolls of magic mapping {unknown}
 e - 7 scrolls of teleportation
 g - a scroll of immolation
 j - a scroll of blinking {unknown}
 k - 9 scrolls of identify
 n - 2 scrolls of remove curse
 r - a scroll of enchant armour {unknown}
 u - 3 scrolls of random uselessness {unknown}
 w - 2 scrolls of fear {unknown}
Potions
 l - 9 potions of curing {unknown}
 o - 4 potions of degeneration {unknown}
 p - a potion of mutation {unknown}
 s - 2 potions of flight {unknown}
 t - a potion of invisibility {unknown}
 v - 4 potions of haste {unknown}
 z - 3 potions of stabbing {unknown}
 B - a potion of brilliance {unknown}
 D - a potion of resistance
 E - 2 potions of heal wounds {unknown}
 F - a potion of lignification {unknown}
 H - 2 potions of magic {unknown}
 J - a potion of cancellation {unknown}
Comestibles
 f - 28 rations


   Skills:
 - Level 2.6 Fighting
 * Level 8.6 Axes
 - Level 9.1 Armour
 - Level 12.3 Shields
 - Level 9.0 Invocations


You had 7 spell levels left.
You knew the following spells:

 Your Spells              Type           Power        Failure   Level  Hunger
a - Blink                 Tloc           N/A          99%         2    ###....

Your spell library contained the following spells:

 Spells                   Type           Power        Failure   Level  Hunger
 Freeze                   Ice            #...         96%         1    ##.....
 Magic Dart               Conj           #...         96%         1    ##.....
 Call Imp                 Summ           #.......     99%         2    ###....
 Slow                     Hex            #.......     99%         2    ###....
 Conjure Flame            Conj/Fire      #.......     100%        3    ####...
 Frozen Ramparts          Ice            #.....       100%        3    ####...
 Mephitic Cloud           Conj/Pois/Air  #.......     100%        3    ####...
 Ozocubu's Armour         Chrm/Ice       #.......     100%        3    ####...
 Hailstorm                Conj/Ice       #.......     100%        4    #####..
 Summon Ice Beast         Ice/Summ       #.......     100%        4    #####..
 Bolt of Magma            Conj/Fire/Erth #.........   100%        5    ######.
 Iskenderun's Battlesphe  Conj/Chrm      #.......     100%        5    ######.
 Iron Shot                Conj/Erth      #.........   100%        6    #######
 Orb of Destruction       Conj           #.........   100%        7    #######
 Spellforged Servitor     Conj/Summ      #.........   100%        7    #######


Dungeon Overview and Level Annotations

Branches:
Dungeon (10/15)            Temple (1/1) D:5            Lair (0/6) D:10
    Orc (0/2) D:9           Sewer (visited)

Altars:
Ashenzari
Cheibriados
Dithmenos
Elyvilon
Fedhas
Gozag
Hepliaklqana
Kikubaaqudgha
Makhleb
Nemelex Xobeh
Okawaru
Qazlal
Ru
Sif Muna
Trog
Uskayaw
Vehumet
Wu Jian
Xom
Yredelemnul
Zin
The Shining One

Shops:
D:10 [

Annotations:
D:3 3 runed translucent doors, Delver's ghost, amateur GnSk


Innate Abilities, Weirdness & Mutations

You are resistant to damage.
You can heal yourself by infusing magical energy.
You passively map the area around you.
You do not regenerate.


Message History

You feel yourself speed up.
The hornet stings you but does no damage.
You block the hornet's attack.
Your ring mail prevents you from hitting the hornet.
The hornet is lightly wounded.
You block the hornet's attack. x2
You barely miss the hornet.
The hornet is lightly wounded.
You block the hornet's attack. x2
You slash the hornet!
The hornet is moderately wounded.
The hornet stings you!
* * * LOW HITPOINT WARNING * * *
You feel yourself slow down.
You fail to use your ability.
You feel yourself speed up. The hornet stings you!
* * * LOW HITPOINT WARNING * * *
You suddenly lose the ability to move!
The hornet stings you.
You die...

.............# * .. ,, ,
.............# *..... ,
####.........# *..... *
#.........######.....,,,,
#..................# *
#..................# , ,,
, #..................# ,
, #.#########........#,
,*,,,
#.#.......#..@.....# > ,
####.#.......+...y....# ,
.....#.......#..........
,
.....#.......#..........
,,
.....###'#####.......###
,* *
#.......<............#
#....................#, ,
#....................# ,
#.......########*, , * +


You could see a hornet.

Vanquished Creatures
  Harold (D:8)
  Pikel (D:8)
  A deep elf mage (D:10)
  A centaur zombie (D:10)
  3 trolls
  A hippogriff (D:8)
  2 wyverns
  A hungry ghost (D:6)
  A black bear (D:5)
  3 orc warriors
  Purgy (Sewer)
  An ice beast (D:10)
  3 phantoms
  3 ogres
  A centaur (D:5)
  A crocodile (D:9)
  A big kobold (D:8)
  2 bullfrogs (D:6)
  15 killer bees
  7 wights
  5 crimson imps
  A bullfrog zombie (D:9)
  5 jellies
  A quasit (D:8)
  5 orc priests
  Crazy Yiuf (D:2)
  A gnoll shaman (D:9)
  4 hounds
  6 orc wizards
  2 centaur skeletons
  2 iguanas
  Natasha (D:4)
  Ijyb (D:3)
  10 worker ants
  A killer bee zombie (D:9)
  3 hound zombies
  A hound skeleton (D:5)
  A howler monkey zombie (D:9)
  A worker ant zombie (D:7)
  11 gnolls
  A howler monkey skeleton (D:9)
  10 adders
  10 river rats (D:5)
  3 shadow imps
  11 oozes
  An adder skeleton (D:4)
  2 adder zombies
  4 worms
  2 dart slugs
  6 leopard geckos
  22 orcs
  7 giant cockroaches
  6 goblins
  8 hobgoblins
  10 jackals
  14 kobolds
  6 quokkas
  11 bats
  6 frilled lizards
  A leopard gecko skeleton (D:8)
  A quokka zombie (D:9)
  27 rats
282 creatures vanquished.

Vanquished Creatures (others)
  3 fungi (D:2)
  13 toadstools (D:2)
16 creatures vanquished.

Grand Total: 298 creatures vanquished

Notes
Turn   | Place    | Note
-------+----------+-------------------------------------------
     0 | D:1      | gruber the Deep Dwarf Fighter began the quest for the Orb.
     0 | D:1      | Reached XP level 1. HP: 20/20 MP: 1/1
    82 | D:1      | Reached XP level 2. HP: 22/27 MP: 2/2
   374 | D:1      | Reached XP level 3. HP: 20/33 MP: 3/3
  1038 | D:2      | Reached skill level 4 in Shields
  1038 | D:2      | Reached XP level 4. HP: 39/40 MP: 4/4
  1059 | D:2      | Found an opulent altar of Gozag.
  1232 | D:2      | Reached skill level 5 in Axes
  1232 | D:2      | Reached XP level 5. HP: 20/46 MP: 5/5
  1463 | D:2      | Found a runed translucent door.
  1464 | D:2      | Noticed Crazy Yiuf
  1471 | D:2      | Killed Crazy Yiuf
  1555 | D:3      | Noticed Ijyb
  1567 | D:3      | Killed Ijyb
  1567 | D:3      | Reached XP level 6. HP: 35/55 MP: 6/6
  1738 | D:3      | Found a runed translucent gate.
  1738 | D:3      | Found a runed translucent gate.
  1738 | D:3      | Found a runed translucent gate.
  1739 | D:3      | Identified the +3 whip of the Valley of Death {chaos, +Rage
                  | rF+++ rN++ Str-2 Dex-5}
  1739 | D:3      | Noticed Delver's ghost (amateur GnSk)
  1791 | D:3      | Found a hide-covered altar of Uskayaw.
  2377 | D:4      | Found a bloodstained altar of Trog.
  2377 | D:4      | Found an ancient bone altar of Kikubaaqudgha.
  2400 | D:4      | Noticed Natasha
  2407 | D:4      | Killed Natasha
  2407 | D:4      | Reached XP level 7. HP: 54/61 MP: 6/6
  2571 | D:4      | Found a glowing drain.
  2599 | Sewer    | Entered a sewer
  2627 | Sewer    | Noticed Purgy
  2640 | Sewer    | Killed Purgy
  2649 | Sewer    | Got a transparent tower shield
  2652 | Sewer    | Identified the +7 tower shield "Kaixoj" {rElec MP+9 Stlth+}
                  | (You found it in a sewer)
  3034 | D:4      | Reached skill level 5 in Shields
  3144 | D:5      | Entered Level 5 of the Dungeon
  3222 | D:5      | Found a blossoming altar of Fedhas.
  3451 | D:5      | Reached skill level 6 in Shields
  3529 | D:5      | Reached XP level 8. HP: 50/68 MP: 7/7
  3580 | D:5      | Reached skill level 7 in Shields
  3884 | D:5      | Found a hazy altar of Hepliaklqana.
  3897 | D:5      | Found a staircase to the Ecumenical Temple.
  3916 | Temple   | Entered the Ecumenical Temple
  4025 | D:5      | Found a burning altar of Makhleb.
  4035 | D:5      | Became a worshipper of Makhleb the Destroyer
  4310 | D:6      | Reached skill level 8 in Shields
  4464 | D:6      | Reached skill level 9 in Shields
  4849 | D:6      | Reached skill level 10 in Shields
  5029 | D:6      | Reached * piety under Makhleb
  5029 | D:6      | Gained mutation: You passively map the area around you.
                  | [Deep Dwarf growth]
  5029 | D:6      | Reached XP level 9. HP: 54/74 MP: 8/8
  5034 | D:6      | Found a glowing golden altar of the Shining One.
  5418 | D:7      | Reached skill level 11 in Shields
  6253 | D:8      | Noticed Harold
  6615 | D:8      | Reached skill level 12 in Shields
  6947 | D:8      | Killed Harold
  7121 | D:8      | Noticed Pikel
  7160 | D:8      | Killed Pikel
  7160 | D:8      | Reached XP level 10. HP: 70/81 MP: 13/13
  7380 | D:9      | Found a staircase to the Orcish Mines.
  7703 | D:9      | Reached ** piety under Makhleb
  7886 | D:9      | Reached skill level 5 in Armour
  7974 | D:9      | Found a burning altar of Makhleb.
  8541 | D:9      | Found a sparkling altar of Nemelex Xobeh.
  8676 | D:9      | Found a white marble altar of Elyvilon.
  8743 | D:10     | Entered Level 10 of the Dungeon
  8774 | D:10     | Learned a level 2 spell: Blink
  8792 | D:10     | Noticed a deep elf mage
  8830 | D:10     | Killed a deep elf mage
  8901 | D:10     | Found Baeddoast's Antique Armour Shoppe.
  8920 | D:10     | Bought a heavily runed chain mail for 266 gold pieces
  8920 | D:10     | Bought an embroidered scarf for 224 gold pieces
  8930 | D:10     | Identified the cursed +1 chain mail of the Constellations
                  | {+Fly Int+2 Dex-5} (You bought it in a shop on level 10 of
                  | the Dungeon)
  9000 | D:10     | Reached *** piety under Makhleb
  9108 | D:10     | HP: 3/81 [hornet (7)]
  9108 | D:10     | Paralysed by a hornet for 2 turns
  9108 | D:10     | Slain by a hornet

Illustrated notes

Levels and vault maps discovered:
D:1:      dpeg_arrival_simpleton_b, layout_loops_ring
D:2:      cheibrodos_fertilizer, layout_loops_ring, lemuel_crystal_altar,
          uniq_crazy_yiuf_cottage
D:3:      layout_rooms, lemuel_round_altar, gammafunk_ghost_nasty_kobolds,
          uniq_ijyb
D:4:      layout_loops_corners, gammafunk_temple_overflow_statue, first_ration,
          portal_sewer_entry_d, uniq_natasha
D:5:      lemuel_ratsnest, layout_gridville, makhleb_heckhound_becter,
          nicolae_overflow_crystal_walls, minmay_temple_entry_offerings,
          basic_altar, minmay_fractal_squares_gapless_5
D:6:      hangedman_cross_stitches, layout_loops_ring,
          nicolae_tso_swordbearing_angel
D:7:      layout_basic
D:8:      layout_basic, blue_anna_alchemist [blue_anna_fruit_fields,
          blue_anna_fruit_fields], minmay_splitting_lines, uniq_pikel,
          uniq_harold
D:9:      layout_stronghold, kennysheep_little_box, basic_altar,
          nemelex_dance_club_becter
D:10:     layout_irregular_city, lair_entry_dummy, serial_shops, shop,
          enter_trove_6
Temple:   zaba_magenta_temple

Skill      XL: |  1  2  3  4  5  6  7  8  9 10 |
---------------+-------------------------------+-----
Axes           | 3 4 5 6 7 8 |  8.6
Shields        | 4 6 10 12 | 12.3
Armour         | 4 9 |  9.1
Invocations    | 7 9 |  9.0
Fighting       | |  2.6

Action                   |  1- 3 |  4- 6 |  7- 9 | 10-12 || total
-------------------------+-------+-------+-------+-------++-------
Melee: War axe           |   144 |   205 |   638 |   373 ||  1360
       Unarmed           |       |     1 |       |       ||     1
Throw: Throwing net      |       |       |       |     1 ||     1
 Abil: Heal Wounds       |     1 |     5 |     8 |     7 ||    21
Evoke: Wand              |       |       |     7 |     4 ||    11
  Use: Potion            |       |     1 |       |     1 ||     2
       Scroll            |       |       |     6 |     1 ||     7
 Stab: Sleeping          |       |       |     6 |       ||     6
       Held in net/web   |       |       |       |     1 ||     1
  Eat: Chunk             |     1 |     5 |    19 |     7 ||    32
Armor: Scale mail        |    70 |    74 |    47 |       ||   191
       Ring mail         |       |       |    89 |    85 ||   174
Dodge: Dodged            |    52 |    43 |    73 |    60 ||   228
Block: Kite shield       |    85 |   105 |    37 |       ||   227
       Tower shield      |       |       |   671 |   523 ||  1194
